AoeStats
← 五岁的单机的回忆

Arena

509089798Analyzed
1v1 RM · 6d ago on Sep 25, 2026· 40m 18s· 2 players
Game mode
Random Map
Map size
Tiny (2 player)
Population
200
Speed
Normal
Resources
Standard
Victory
Conquest
Starting age
Dark Age
Ending age
Imperial Age
RankedLock teamsTeams togetherTeam positionsShared explorationLock speedFull tech treeHidden civsTurbo modeCheats
Victory
Defeat
🇲🇦 Turks · Morocco
1350
+17
1364
-17
Rock_Bottom
11:50 Feudal Age
13:17 Double-Bit Axe
15:56 Castle Age
14:20 Horse Collar
17:40 Bow Saw
20:13 Wheelbarrow
30:07 Imperial Age
27:55 Gold Mining
27:56 Stone Mining
29:35 Fortified Wall
29:21 Loom
29:22 Town Watch
30:46 Hand Cart
30:34 Heavy Plow
36:53 Two-Man Saw
36:20 Padded Archer Armor
38:23 Gold Shaft Mining
39:35 Leather Archer Armor
40:00 Bloodlines
39:56 Scale Barding Armor
40:30 Masonry
40:42 Bombard Tower
40:36 Husbandry
40:47 Forging
41:08 Ballistics
40:39 Fletching
五岁的单机的回忆
5:17 Loom
11:40 Feudal Age
14:38 Castle Age
18:25 Double-Bit Axe
21:21 Sanctity
28:17 Imperial Age
26:02 Pikeman
30:23 Chemistry
31:23 Forging
34:02 Siege Engineers
35:18 Elite Skirmisher
36:03 Fletching
36:14 Padded Archer Armor
37:04 Cavalier
39:11 Bow Saw
40:16 Scale Barding Armor
Connection lost

Rejoining the realm…

Still unreachable

The connection could not be restored.

Session expired

The server has moved on; the page needs a fresh start.